XFBL
ATLANTA BRAVES @ NEW YORK METS
06/01/1982
 
TOP OF THE 1ST
Atlanta Braves batting - Pitching for New York Mets : RHP Enrique Martinez
Pitching: RHP Enrique Martinez
Batting: LHB Brent Hillenga 0-0: Called Strike
0-1: Ball
1-1: Ball
2-1: Foul Ball, location: 2F
2-2: Ball
3-2: Ground out 1-3 (Groundball, 13S, EV 69.4 MPH)
Batting: LHB Joe L Morgan 0-0: Called Strike
0-1: Swinging Strike
0-2: Foul Ball, location: 2F
0-2: Ball
1-2: Ball
2-2: Ground out 4-3 (Groundball, 4, EV 106.9 MPH)
Batting: SHB Tony Fernandez 0-0: Ground out 4-3 (Groundball, 4S, EV 90.6 MPH)
Top of the 1st over - 0 runs, 0 hits, 0 errors, 0 left on base; Atlanta 0 - New York 0
BOTTOM OF THE 1ST
New York Mets batting - Pitching for Atlanta Braves : RHP Gary Carter
Pitching: RHP Gary Carter
Batting: RHB Dave Concepcion 0-0: Called Strike
0-1: Fly out, F9 (Flyball, 9, EV 82.5 MPH)
Batting: LHB Lyman Bostock 0-0: Swinging Strike
0-1: SINGLE (Line Drive, 78S, EV 105.0 MPH)
Batting: LHB John Kruk 0-0: Ball
1-0: Called Strike
1-1: Ball
2-1: Swinging Strike
2-2: Foul Ball, location: 2F
2-2: Ball
3-2: SINGLE (Groundball, 34, EV 97.5 MPH)
Lyman Bostock to second
Runner from 2nd tries for 3rd, SAFE, throw by RF made to third
Batting: SHB Ken Singleton 0-0: Ball
1-0: Ball
2-0: Foul Ball, location: 2F
2-1: Swinging Strike
2-2: Ball
3-2: Strikes out swinging
Batting: RHB Garry Maddox 0-0: Ball
1-0: Foul Ball, location: 2F
1-1: Foul Ball, location: 2F
1-2: Ball
2-2: Strikes out swinging
Bottom of the 1st over - 0 runs, 2 hits, 0 errors, 2 left on base; Atlanta 0 - New York 0
TOP OF THE 2ND
Atlanta Braves batting - Pitching for New York Mets : RHP Enrique Martinez
Batting: LHB Karl Pagel 0-0: Ball
1-0: Ball
2-0: Foul Ball, location: 2F
2-1: Ball
3-1: Ground out U3 (Groundball, 34, EV 86.3 MPH)
Batting: LHB Leon Durham 0-0: Foul Ball, location: 2F
0-1: Foul Ball, location: 2F
0-2: Strikes out swinging
Batting: LHB Mike Hargrove 0-0: Swinging Strike
0-1: Swinging Strike
0-2: Foul Ball, location: 2F
0-2: Ball
1-2: Ball
2-2: Foul Ball, location: 2F
2-2: SINGLE (Line Drive, 89M, EV 100.0 MPH)
Batting: LHB Mike Scioscia 0-0: Ball
1-0: Ball
2-0: Fly out, F8 (Flyball, 8RD, EV 103.1 MPH)
Top of the 2nd over - 0 runs, 1 hit, 0 errors, 1 left on base; Atlanta 0 - New York 0
BOTTOM OF THE 2ND
New York Mets batting - Pitching for Atlanta Braves : RHP Gary Carter
Batting: RHB Ray Knight 0-0: Ball
1-0: Ball
2-0: Ball
3-0: Called Strike
3-1: Called Strike
3-2: SINGLE (Line Drive, 34, EV 95.0 MPH)
Batting: RHB Bill Almon 0-0: Ball
1-0: Swinging Strike
1-1: Bunted foul
1-2: SINGLE (Line Drive, 89S, EV 93.1 MPH)
Ray Knight to second
Runner from 2nd tries for 3rd, OUT! 9-5
Batting: RHB Jason Sickman 0-0: Ball
1-0: Foul Ball, location: 2F
1-1: Ball
2-1: Foul Ball, location: 2F
2-2: Fly out, F7 (Flyball, 7LM, EV 90.0 MPH)
Batting: RHB Enrique Martinez 0-0: Ball
1-0: Swinging Strike
1-1: Ball
Wild Pitch!
Bill Almon to second
2-1: Foul Ball, location: 2F
2-2: Strikes out swinging
Bottom of the 2nd over - 0 runs, 2 hits, 0 errors, 1 left on base; Atlanta 0 - New York 0
TOP OF THE 3RD
Atlanta Braves batting - Pitching for New York Mets : RHP Enrique Martinez
Batting: RHB Tom Veryzer 0-0: Fly out, F8 (Flyball, 78M, EV 81.9 MPH)
Batting: LHB Gary Carter 0-0: Ball
1-0: Called Strike
1-1: Foul Ball, location: 2F
1-2: Ball
2-2: Foul Ball, location: 2F
2-2: Strikes out swinging
Batting: LHB Brent Hillenga 0-0: Called Strike
0-1: Swinging Strike
0-2: Ball
1-2: Ball
2-2: Fly out, F9 (Flyball, 9D, EV 101.3 MPH)
Top of the 3rd over - 0 runs, 0 hits, 0 errors, 0 left on base; Atlanta 0 - New York 0
BOTTOM OF THE 3RD
New York Mets batting - Pitching for Atlanta Braves : RHP Gary Carter
Batting: RHB Dave Concepcion 0-0: Called Strike
0-1: Ball
1-1: Ball
2-1: Fly out, F3 (Popup, 3F, EV 66.9 MPH)
Batting: LHB Lyman Bostock 0-0: Foul Ball, location: 2F
0-1: Called Strike
0-2: Ball
1-2: Strikes out swinging
Batting: LHB John Kruk 0-0: Called Strike
0-1: Ball
1-1: Ball
2-1: Ground out U3 (Groundball, 3S, EV 79.4 MPH)
Bottom of the 3rd over - 0 runs, 0 hits, 0 errors, 0 left on base; Atlanta 0 - New York 0
TOP OF THE 4TH
Atlanta Braves batting - Pitching for New York Mets : RHP Enrique Martinez
Batting: LHB Joe L Morgan 0-0: Ball
1-0: Foul Ball, location: 2F
1-1: SINGLE (Line Drive, 56D, EV 93.8 MPH)
Batting: SHB Tony Fernandez 0-0: Called Strike
0-1: Ball
1-1: Reached on error, E3 (Groundball, 34S, EV 86.3 MPH)
Joe L Morgan to second
Batting: LHB Karl Pagel 0-0: Ball
1-0: Ball
Wild Pitch!
Joe L Morgan to third
Tony Fernandez to second
2-0: Foul Ball, location: 2F
2-1: Ball
3-1: SINGLE (Flyball, 8LS, EV 92.5 MPH)
Joe L Morgan scores
Tony Fernandez to third
Runner from 3rd tries for Home, throw by CF and OUT! 8-2
Karl Pagel to second
Batting: LHB Leon Durham 0-0: Called Strike
0-1: Ball
1-1: Called Strike
1-2: SINGLE (Line Drive, 34D, EV 95.6 MPH)
Karl Pagel to third
Batting: LHB Mike Hargrove 0-0: Called Strike
0-1: Ball
1-1: Called Strike
1-2: Ball
2-2: Ball
3-2: Foul Ball, location: 2F
3-2: Base on Balls
Leon Durham to second
Batting: LHB Mike Scioscia 0-0: Called Strike
0-1: Called Strike
0-2: Ball
1-2: Ball
2-2: Fly out, F7 (Flyball, 7D, EV 104.4 MPH)
Runner from 3rd tags up, SCORES, no throw by LF
Leon Durham to third
Batting: RHB Tom Veryzer 0-0: Swinging Strike
0-1: Ground out 5-3 (Groundball, 56S, EV 66.9 MPH)
Top of the 4th over - 2 runs, 3 hits, 1 error, 2 left on base; Atlanta 2 - New York 0
BOTTOM OF THE 4TH
New York Mets batting - Pitching for Atlanta Braves : RHP Gary Carter
Batting: SHB Ken Singleton 0-0: Ball
1-0: Called Strike
1-1: Ball
2-1: Fly out, F8 (Flyball, 8LXD, EV 85.0 MPH)
Batting: RHB Garry Maddox 0-0: Called Strike
0-1: Fly out, F9 (Line Drive, 9D, EV 88.8 MPH)
Batting: RHB Ray Knight 0-0: Ball
1-0: Ball
2-0: Called Strike
2-1: Ball
3-1: Fly out, F7 (Flyball, 7LM, EV 90.0 MPH)
Bottom of the 4th over - 0 runs, 0 hits, 0 errors, 0 left on base; Atlanta 2 - New York 0
TOP OF THE 5TH
Atlanta Braves batting - Pitching for New York Mets : RHP Enrique Martinez
Batting: LHB Gary Carter 0-0: Called Strike
0-1: Ball
1-1: Ball
2-1: Foul Ball, location: 2F
2-2: Foul Ball, location: 2F
2-2: Strikes out swinging
Batting: LHB Brent Hillenga 0-0: Ball
1-0: Ball
2-0: Called Strike
2-1: Ball
3-1: Foul Ball, location: 2F
3-2: Base on Balls
Batting: LHB Joe L Morgan 0-0: Called Strike
0-1: Ball
1-1: Called Strike
1-2: Ball
2-2: Ball
3-2: Foul Ball, location: 2F
3-2: Fly out, F7 (Flyball, 78XD, EV 101.3 MPH)
Batting: SHB Tony Fernandez 0-0: Ball
1-0: SINGLE (Line Drive, 56D, EV 98.8 MPH)
Brent Hillenga to second
Batting: LHB Karl Pagel 0-0: Ball
1-0: Swinging Strike
1-1: Foul Ball, location: 2F
1-2: Strikes out swinging
Top of the 5th over - 0 runs, 1 hit, 0 errors, 2 left on base; Atlanta 2 - New York 0
BOTTOM OF THE 5TH
New York Mets batting - Pitching for Atlanta Braves : RHP Gary Carter
Batting: RHB Bill Almon 0-0: Ball
1-0: Foul Ball, location: 2F
1-1: Called Strike
1-2: DOUBLE (Line Drive, 78D, EV 110.0 MPH)
Batting: RHB Jason Sickman 0-0: Ball
1-0: Foul Ball, location: 2F
1-1: SINGLE (Groundball, P, EV 85.0 MPH) (infield hit)
Bill Almon to third
Batting: RHB Enrique Martinez 0-0: Ball
1-0: Sac Bunt to 15S - play at first, batter OUT! 1-4
Jason Sickman to second
Batting: RHB Dave Concepcion 0-0: Called Strike
0-1: Foul Ball, location: 2F
0-2: Strikes out looking
Batting: LHB Lyman Bostock 0-0: Called Strike
0-1: Called Strike
0-2: Ball
1-2: SINGLE (Line Drive, 7LM, EV 96.9 MPH)
Bill Almon scores
Jason Sickman to third
Runner from 3rd tries for Home, SAFE, throw by LF to home
Batting: LHB John Kruk 0-0: Ball
1-0: Called Strike
1-1: Fielders Choice at 2nd, 5-4 (Groundball, 56, EV 102.5 MPH)
Bottom of the 5th over - 2 runs, 3 hits, 0 errors, 1 left on base; Atlanta 2 - New York 2
TOP OF THE 6TH
Atlanta Braves batting - Pitching for New York Mets : RHP Enrique Martinez
Batting: LHB Leon Durham 0-0: Ball
1-0: Fly out, F7 (Flyball, 7, EV 81.9 MPH)
Batting: LHB Mike Hargrove 0-0: Swinging Strike
0-1: Ball
1-1: Foul Ball, location: 2F
1-2: Ball
2-2: Strikes out swinging
Batting: LHB Mike Scioscia 0-0: Ball
1-0: SINGLE (Line Drive, 7S, EV 105.6 MPH)
Batting: RHB Tom Veryzer 0-0: Ground out 5-3 (Groundball, 56S, EV 86.9 MPH)
Top of the 6th over - 0 runs, 1 hit, 0 errors, 1 left on base; Atlanta 2 - New York 2
BOTTOM OF THE 6TH
New York Mets batting - Pitching for Atlanta Braves : RHP Gary Carter
Batting: SHB Ken Singleton 0-0: Swinging Strike
0-1: Ball
1-1: Foul Ball, location: 2F
1-2: Ball
2-2: Fly out, F8 (Flyball, 8LD, EV 106.9 MPH)
Batting: RHB Garry Maddox 0-0: Reached on error, E6 (Groundball, 6, EV 109.4 MPH)
Batting: RHB Ray Knight 0-0: Ball
1-0: Fly out, F3 (Popup, 23F, EV 88.1 MPH)
Batting: RHB Bill Almon 0-0: Ball
1-0: Swinging Strike
1-1: Ball
2-1: Ground out 4-3 (Groundball, 4, EV 96.9 MPH)
Bottom of the 6th over - 0 runs, 0 hits, 1 error, 1 left on base; Atlanta 2 - New York 2
TOP OF THE 7TH
Atlanta Braves batting - Pitching for New York Mets : RHP Enrique Martinez
Pinch Hitting: SHB UL Washington 0-0: Ground out 6-3 (Groundball, 6M, EV 99.4 MPH)
Pitching: RHP Matt Adams
Now at 3B: Rick Burleson
Batting: LHB Brent Hillenga 0-0: Called Strike
0-1: SOLO HOME RUN (Flyball, 9D, EV 103.8 MPH), Distance : 370 ft
Batting: LHB Joe L Morgan 0-0: Foul Ball, location: 2F
0-1: Ball
1-1: Called Strike
1-2: Foul Ball, location: 2F
1-2: Ball
2-2: Ball
3-2: SINGLE (Groundball, 6MD, EV 96.9 MPH)
Batting: SHB Tony Fernandez 0-0: DOUBLE (Line Drive, 89D, EV 101.3 MPH)
Joe L Morgan to third
Runner from 3rd tries for Home, throw by RF and OUT! 9-4-2
Batting: LHB Karl Pagel 0-0: Foul Ball, location: 2F
0-1: Ball
1-1: Foul Ball, location: 2F
1-2: Foul Ball, location: 2F
1-2: Strikes out swinging
Top of the 7th over - 1 run, 3 hits, 0 errors, 1 left on base; Atlanta 3 - New York 2
BOTTOM OF THE 7TH
New York Mets batting - Pitching for Atlanta Braves : RHP Gary Carter
Pitching: RHP Charlie Lea
Batting: RHB Jason Sickman 0-0: Called Strike
0-1: Ball
1-1: Foul Ball, location: 2F
1-2: Fly out, F6 (Popup, P, EV 76.9 MPH)
Batting: RHB Rick Burleson 0-0: Called Strike
0-1: Foul Ball, location: 2F
0-2: Foul Ball, location: 2F
0-2: Ground out 5-3 (Groundball, 56, EV 86.3 MPH)
Batting: RHB Dave Concepcion 0-0: Ground out 6-3 (Groundball, 56, EV 86.9 MPH)
Bottom of the 7th over - 0 runs, 0 hits, 0 errors, 0 left on base; Atlanta 3 - New York 2
TOP OF THE 8TH
Atlanta Braves batting - Pitching for New York Mets : RHP Matt Adams
Batting: LHB Leon Durham 0-0: Foul Ball, location: 2F
0-1: Ground out 6-3 (Groundball, P, EV 87.5 MPH)
Batting: LHB Mike Hargrove 0-0: Ball
1-0: Foul Ball, location: 2F
1-1: Foul Ball, location: 2F
1-2: Foul Ball, location: 2F
1-2: Ball
2-2: Ball
3-2: Fly out, F2 (Popup, 2L, EV 95.0 MPH)
Batting: LHB Mike Scioscia 0-0: Foul Ball, location: 2F
0-1: Ball
1-1: Swinging Strike
1-2: Ground out 6-3 (Groundball, 4MS, EV 70.6 MPH)
Top of the 8th over - 0 runs, 0 hits, 0 errors, 0 left on base; Atlanta 3 - New York 2
BOTTOM OF THE 8TH
New York Mets batting - Pitching for Atlanta Braves : RHP Charlie Lea
Batting: LHB Lyman Bostock 0-0: Foul Ball, location: 2F
0-1: Ball
1-1: SINGLE (Line Drive, 7LM, EV 103.1 MPH)
Batting: LHB John Kruk 0-0: Ball
1-0: Foul Ball, location: 2F
1-1: Swinging Strike
1-2: Ball
2-2: Strikes out looking
Batting: SHB Ken Singleton 0-0: Ball
1-0: Foul Ball, location: 2F
1-1: Ball
2-1: Ball
3-1: Grounds into double play, 4-6-3 (Groundball, 4, EV 104.4 MPH)
Bottom of the 8th over - 0 runs, 1 hit, 0 errors, 0 left on base; Atlanta 3 - New York 2
TOP OF THE 9TH
Atlanta Braves batting - Pitching for New York Mets : RHP Matt Adams
Batting: RHB Tom Veryzer 0-0: Called Strike
0-1: Ball
1-1: SINGLE (Line Drive, 8RS, EV 106.3 MPH)
Batting: RHB Charlie Lea 0-0: Sac Bunt to 13S - play at first, batter OUT! 1-4
Tom Veryzer to second
Batting: LHB Brent Hillenga 0-0: Called Strike
Tom Veryzer steals 3rd base (no throw)
0-1: Called Strike
0-2: Foul Ball, location: 2F
0-2: Ground out U3 (Groundball, 23, EV 85.6 MPH)
Pitching: LHP William Scholl
Batting: LHB Joe L Morgan 0-0: Swinging Strike
0-1: Ball
1-1: Ball
2-1: Swinging Strike
2-2: Foul Ball, location: 2F
2-2: Strikes out looking
Top of the 9th over - 0 runs, 1 hit, 0 errors, 1 left on base; Atlanta 3 - New York 2
BOTTOM OF THE 9TH
New York Mets batting - Pitching for Atlanta Braves : RHP Charlie Lea
Now in LF: Gil Flores
Batting: RHB Garry Maddox 0-0: Fly out, F7 (Line Drive, 7D, EV 89.4 MPH)
Pinch Hitting: LHB Alamazoo White 0-0: Ground out 6-3 (Groundball, 56, EV 107.5 MPH)
Pinch Hitting: RHB Gary Redus 0-0: Ball
1-0: Ball
2-0: Called Strike
2-1: Foul Ball, location: 2F
2-2: Ground out 6-3 (Groundball, 6MS, EV 61.3 MPH)
Bottom of the 9th over - 0 runs, 0 hits, 0 errors, 0 left on base; Atlanta 3 - New York 2
Wednesday, August 5th, 2020 - OOTP Baseball 21.5 Build 76